 Dungeon Crawl Stone Soup version 0.31-a0-182-gc5ef74bbde (webtiles) character file.

Game seed: 11487877793851895358

233066 DavidChitty2 the Slayer (level 18, -3/185 HPs)
             Began as a Minotaur Fighter on June 21, 2023.
             Was the Champion of Okawaru.
             Slain by a merfolk impaler
             ... wielding a +4 demon trident of freezing
              (5 damage)
             ... on level 4 of the Shoals.
             The game lasted 00:43:15 (26044 turns).

DavidChitty2 the Slayer (Minotaur Fighter)         Turns: 26044, Time: 00:43:16

Health: -3/185     AC: 44    Str: 34    XL:     18   Next: 84%
Magic:  0/26       EV:  7    Int:  5    God:    Okawaru [******]
Gold:   2229       SH: 20    Dex: 13    Spells: 17/17 levels left

rFire   + + .        a - +6 broad axe (freeze)
rCold   . . .        M - +0 tower shield {rF+}
rNeg    . . .        l - +5 crystal plate armour "Hiekliaf" {rElec rF+}
rPois   .            x - +2 hood of the Assassin {Detect Stab+ Stlth++}
rElec   +            Z - +0 cloak "Otwo" {Str+2}
rCorr   .            C - +1 pair of gloves of the Lily {Will+ Regen+}
SInv    +            S - +4 pair of boots of the Maze {Regen+}
Will    ++...        F - amulet of guardian spirit Stlth
                     q - +6 ring of strength
HPRegen 2.10/turn    z - ring of see invisible
MPRegen 0.20/turn

%: guardian spirit
@: lethally poisoned (-3 -> -4), finesse-ful, marked, mesmerised, hasted,
invisible, slow
A: horns 2, retaliatory headbutt
}: 1/15 runes: serpentine
a: Renounce Religion, Heroism, Finesse, Duel


You were on level 4 of the Shoals.
You worshipped Okawaru.
Okawaru was exalted by your worship.
You visited 7 branches of the dungeon, and saw 33 of its levels.
You also visited: Sewer, Bailey and Volcano.

You collected 3009 gold pieces.
You spent 780 gold pieces at shops.

Inventory:

Hand Weapons
 a - a +6 broad axe of freezing (weapon)
   (You took it off an orc warlord in a bailey)
 b - a +1 broad axe of electrocution
   (Okawaru gifted it to you on level 4 of the Snake Pit)
 N - a +0 broad axe
   (You took it off an orc warrior in a bailey)
Missiles
 W - 2 throwing nets {!f}
Armour
 l - the +5 crystal plate armour "Hiekliaf" (worn) {rElec rF+}
   (Okawaru gifted it to you on level 3 of the Snake Pit)

   rF:        It protects you from fire.
   rElec:     It insulates you from electricity.
 x - the +2 hood of the Assassin (worn) {Detect Stab+ Stlth++}
   (You bought it in a shop on level 2 of the Orcish Mines)

   Detect:    It allows the wearer to sense nearby creatures.
   Stab+:     It allows the wearer to make particularly effective stabbing
   attacks against helpless or unaware enemies with any weapon.
   Stlth:     It makes you much more stealthy.
 B - a +0 cloak of poison resistance
   (You found it on level 5 of the Lair of Beasts)
 C - the +1 pair of gloves of the Lily (worn) {Will+ Regen+}
   (You acquired it on level 4 of the Dungeon)

   Regen:     It increases your rate of health regeneration.
   Will:      It increases your willpower.
 M - a +0 tower shield of fire resistance (worn)
   (You acquired it on level 9 of the Dungeon)
 Q - the +3 pair of gauntlets of War {Slay+5}
   (Okawaru gifted it to you on level 5 of the Lair of Beasts)

   Slay:      It affects your accuracy & damage with ranged weapons and melee
   (+5).
 S - the +4 pair of boots of the Maze (worn) {Regen+}
   (You found it on level 5 of the Lair of Beasts)

   Regen:     It increases your rate of health regeneration.
 Z - the +0 cloak "Otwo" (worn) {Str+2}
   (Okawaru gifted it to you on level 3 of the Shoals)

   Str:       It affects your strength (+2).
Jewellery
 e - an amulet of regeneration
   (You found it on level 1 of the Shoals)
 i - a ring of protection from fire
   (You found it on level 10 of the Dungeon)
 q - a +6 ring of strength (left hand)
   (You found it on level 2 of the Dungeon)
 z - a ring of see invisible (right hand)
   (You found it on level 5 of the Lair of Beasts)
 E - a ring of ice
   (You found it on level 12 of the Dungeon)
 F - an amulet of guardian spirit (around neck)
   (You found it on level 1 of the Lair of Beasts)
 J - a ring of poison resistance
   (You found it on level 5 of the Dungeon)
 O - a ring of positive energy
   (You found it on level 1 of the Lair of Beasts)
Wands
 d - a wand of iceblast (20)
   (You found it on level 1 of the Lair of Beasts)
 t - a wand of flame (38)
   (You took it off Ijyb on level 3 of the Dungeon)
 u - a wand of paralysis (13)
   (You found it on level 1 of the Lair of Beasts)
 v - a wand of digging (17)
   (You found it on level 8 of the Dungeon)
 H - a wand of polymorph (6)
   (You found it on level 4 of the Lair of Beasts)
 L - a wand of mindburst (10)
   (You found it on level 1 of the Elven Halls)
 X - a wand of quicksilver (8)
   (You found it on level 14 of the Dungeon)
Scrolls
 f - 5 scrolls of blinking
 h - 6 scrolls of teleportation {@r4}
 j - 2 scrolls of silence
 k - 3 scrolls of vulnerability {!r}
 m - 2 scrolls of poison {!r}
 p - 6 scrolls of enchant armour
 y - 10 scrolls of identify {@r1}
 A - 6 scrolls of fear
 G - 5 scrolls of immolation {!r}
 I - a scroll of revelation
 V - 3 scrolls of fog
 Y - a scroll of brand weapon
Potions
 c - 12 potions of curing {@q1}
 g - 3 potions of magic
 n - 4 potions of might
 o - 5 potions of enlightenment
 r - 4 potions of mutation {!q}
 w - a potion of lignification {!q}
 D - 3 potions of cancellation
 K - a potion of invisibility
 P - 2 potions of haste {@q3}
 R - a potion of ambrosia
 T - a potion of brilliance
 U - 3 potions of resistance


   Skills:
 * Level 22.5 Fighting
 - Level 18.0 Axes
 + Level 19.6 Armour
 + Level 18.9 Shields
 - Level 12.0 Invocations


You had 17 spell levels left.
You didn't know any spells.
Your spell library contained the following spells:

 Spells                   Type           Power      Damage    Failure   Level
 Apportation              Tloc           0%         N/A       100%        1
 Foxfire                  Conj/Fire      0%         2x1d4     100%        1
 Magic Dart               Conj           0%         1d3       100%        1
 Sandblast                Erth           0%         2d4       100%        1
 Slow                     Hex            0%         N/A       100%        1
 Cigotuvi's Dreadful Rot  Necr/Pois/Air  0%         N/A       100%        2
 Lesser Beckoning         Tloc           0%         N/A       100%        2
 Passwall                 Tmut/Erth      0%         N/A       100%        2
 Sublimation of Blood     Necr           0%         N/A       100%        2
 Wereblood                Tmut           0%         N/A       100%        2
 Confusing Touch          Hex            0%         N/A       100%        3
 Dazzling Flash           Conj/Hex       0%         N/A       100%        3
 Gell's Gravitas          Tloc           0%         N/A       100%        3
 Hailstorm                Conj/Ice       0%         3d3       100%        3
 Ignite Poison            Fire/Tmut/Pois 0%         N/A       100%        3
 Inner Flame              Hex/Fire       0%         N/A       100%        3
 Mephitic Cloud           Conj/Pois/Air  0%         N/A       100%        3
 Portal Projectile        Hex/Tloc       0%         N/A       100%        3
 Stone Arrow              Conj/Erth      0%         3d7       100%        3
 Teleport Other           Tloc           0%         N/A       100%        3
 Vampiric Draining        Necr           0%         2d6       100%        3
 Volatile Blastmotes      Fire/Tloc      0%         2d10      100%        3
 Anguish                  Hex/Necr       0%         N/A       100%        4
 Cause Fear               Hex            0%         N/A       100%        4
 Dispel Undead            Necr           0%         3d6       100%        4
 Fulminant Prism          Conj/Hex       0%         3d5       100%        4
 Ice Form                 Ice/Tmut       0%         N/A       100%        4
 Iskenderun's Mystic Bla  Conj/Tloc      0%         2d3       100%        4
 Leda's Liquefaction      Hex/Erth       0%         N/A       100%        4
 Olgreb's Toxic Radiance  Pois           0%         N/A       100%        4
 Passage of Golubria      Tloc           0%         N/A       100%        4
 Sticky Flame             Conj/Fire      0%         2d3       100%        4
 Agony                    Necr           0%         N/A       100%        5
 Alistair's Intoxication  Tmut/Pois      0%         N/A       100%        5
 Blade Hands              Tmut           0%         N/A       100%        5
 Fireball                 Conj/Fire      0%         3d3       100%        5
 Lee's Rapid Deconstruct  Erth           0%         3d4*      100%        5
 Silence                  Hex/Air        0%         N/A       100%        5
 Yara's Violent Unravell  Hex/Tmut       0%         3d3       100%        5
 Plasma Beam              Fire/Air       0%         2x1d10    100%        6
 Starburst                Conj/Fire      0%         6d3       100%        6
 Enfeeble                 Hex            0%         N/A       100%        7
 Borgnjor's Revivificati  Necr           0%         N/A       100%        8
 Discord                  Hex            0%         N/A       100%        8
 Ignition                 Fire           0%         3d3       100%        8
 Lehudib's Crystal Spear  Conj/Erth      0%         10d2      100%        8
 Necromutation            Tmut/Necr      0%         N/A       100%        8
 Death's Door             Necr           0%         N/A       100%        9
 Call Imp                 Summ           Unusable   N/A       N/A         2
 Call Canine Familiar     Summ           Unusable   N/A       N/A         3
 Tukima's Dance           Hex            Unusable   N/A       N/A         3
 Animate Armour           Summ/Erth      Unusable   N/A       N/A         4
 Summon Lightning Spire   Summ/Air       Unusable   N/A       N/A         4
 Death Channel            Necr           Unusable   N/A       N/A         6
 Simulacrum               Ice/Necr       Unusable   N/A       N/A         6
 Summon Hydra             Summ           Unusable   N/A       N/A         7

Dungeon Overview and Level Annotations

Branches:
Dungeon (15/15)            Temple (1/1) D:7            Lair (5/5) D:9
 Shoals (4/4) Lair:3        Snake (4/4) Lair:3        Slime (0/5) Lair:5
    Orc (2/2) D:11            Elf (2/3) Orc:2        Vaults (0/5) D:13
 Depths (0/4) D:15          Sewer (visited)          Bailey (visited)
Volcano (visited)

Altars:
Ashenzari
Cheibriados
Dithmenos
Elyvilon
Fedhas
Gozag
Hepliaklqana
Kikubaaqudgha
Makhleb
Nemelex Xobeh
Okawaru
Qazlal
Ru
Sif Muna
Trog
Uskayaw
Vehumet
Wu Jian
Xom
Yredelemnul
Zin
The Shining One

Shops:
D:1 (   D:8 *?   D:11 (   D:15 :   Orc:2 *[(!   Snake:1 *=(   Snake:2 ?
Snake:3 [

Annotations:
Shoals:4 Ilsuiw


Innate Abilities, Weirdness & Mutations

You have a pair of horns on your head.
You reflexively headbutt those who attack you in melee.


Message History

The merfolk hits you but does no damage.
A merfolk impaler comes into view.
It is wielding a +2 trident of protection.
The manticore bites you but does no damage.
The manticore claws you but does no damage.
The manticore barely misses you.
The alligator snapping turtle bites you from afar.
* * * LOW HITPOINT WARNING * * *
Unknown command.
You feel much better.
You feel sick.
You block the merfolk impaler's attack. x2
The merfolk siren chants a haunting song.
The snapping turtle bites you from afar!
* * * LOW HITPOINT WARNING * * *
The merfolk siren chants its luring song.
The merfolk javelineer throws a javelin.
The javelin barely misses the manticore.
The javelin pierces through you.
* * * LOW HITPOINT WARNING * * *
The javelin barely misses the water nymph.
The merfolk javelineer hits you but does no damage.
You block the merfolk impaler's attack. x2
You cut the manticore into ribbons!!! You freeze the manticore.
You kill the manticore!
Okawaru accepts your kill.
You hit the water nymph but do no damage.
You slice the manticore!! You freeze the manticore.
You block the merfolk's attack.
The merfolk siren chants its luring song.
The water nymph touches you.
* * * LOW HITPOINT WARNING * * *
The water nymph drowns you!
* * * LOW HITPOINT WARNING * * *
You block the manticore's attack. x2
The manticore claws you but does no damage.
The merfolk javelineer throws a silver javelin.
The silver javelin pierces through the merfolk javelineer!
The silver javelin pierces through you but does no damage.
* * * LOW HITPOINT WARNING * * *
The silver javelin barely misses the water nymph.
The silver javelin pierces through the alligator snapping turtle.
The snapping turtle bites you from afar!
* * * LOW HITPOINT WARNING * * *
The merfolk siren chants its luring song.
Your unstable footing causes you to fumble your attack.
The snapping turtle bites you but does no damage.
You block the merfolk impaler's attack.
Ilsuiw points at you and mumbles some strange words.
You block the shard of ice.
The alligator snapping turtle bites you but does no damage.
The merfolk impaler hits you from afar with a +4 demon trident of freezing.
You die...

P~~~~~~~~≈≈≈≈≈
~~~P~~~P≈≈≈≈≈≈≈~~~~.....
P~.~~~~P≈≈≈≈≈≈≈≈~~~.....
~..P~~~P≈≈≈≈≈m≈≈≈~~.....
~P..~P~~≈≈≈≈H≈≈≈≈≈~.....
~PP...=~≈≈≈≈≈Emm≈≈~.....
P~.P)..~~m≈≈≈mtmmm......
~~..).).~≈mm~mm~†~tP....
~~..).).~~≈mmmm§@~m..PP.
≈.#####.~~~~Cm##Hmt..P..
≈~## #.~)~.{##m~~~~~P.P
≈~.####.<~~.{{.~~P~P~...
~~..##........~~P.~~PP..
~~~~.........).P..P~~~..
~~~~~P.P.m...~..P.~~P.##
≈~~~~.PP..........~~..#
≈≈~~P~P~..~~....~~P~###


You could see Ilsuiw, an alligator snapping turtle, a frost giant, 6 merfolk
impalers, 3 merfolk javelineers, a merfolk aquamancer, 2 snapping turtles, 4
merfolk, 2 manticores, a water elemental (summoned), 4 merfolk sirens and a
water nymph.

Vanquished Creatures
  Vashnia (Snake:2)
  Jorgrun (D:12)
  2 quicksilver dragons (Snake:4)
  A sphinx (Elf:1)
  Donald (Shoals:3)
  5 nagarajas (Snake:4)
  Aizul (Snake:2)
  An ironbound preserver (D:13)
  An orc warlord (Bailey)
  A very ugly thing (D:15)
  Snorg (D:12)
  A merfolk javelineer (Shoals:2)
  2 merfolk impalers
  3 fire dragons (Elf:1)
  Fannar (D:12)
  18 hydras
  5 salamander tyrants (Snake:4)
  A rakshasa (D:15)
  The ghost of Koushar the Spry, a journeyman FeTm of Gozag (Lair:5)
  5 ogre magi
  A merfolk avatar (Shoals:4)
  5 catoblepae
  A death knight (D:14)
  11 anacondas
  5 merfolk aquamancers
  4 centaur warriors
  7 naga warriors
  7 death yaks (Lair:5)
  6 boulder beetles
  26 two-headed ogres
  5 tengu warriors
  10 dancing weapons (Elf:1)
  8 shock serpents
  A hell knight (Volcano)
  16 naga sharpshooters
  5 deep elf knights
  3 skeletal warriors (D:13)
  5 skysharks
  12 sea snakes
  Lodul (D:12)
  2 salamander mystics
  4 deep elf archers (Elf:1)
  6 naga ritualists
  A glowing orange brain (D:15)
  An orc knight (Orc:1)
  A steelbarb worm (shapeshifter) (D:15)
  13 deep elf pyromancers
  12 harpies
  6 mana vipers
  12 ugly things
  10 cyclopes
  13 deep elf zephyrmancers
  2 orc sorcerers
  28 manticores
  4 fauns (Shoals:2)
  2 merfolk sirens
  18 elephants
  13 salamanders
  36 black mambas
  3 torpor snails
  2 guardian serpents
  11 naga magi
  12 cane toads
  3 gargoyles
  7 water nymphs
  10 komodo dragons
  A kobold demonologist (D:8)
  A rime drake (Lair:1)
  A rime drake (shapeshifter) (D:15)
  An unseen horror (D:12)
  22 merfolk
  6 trolls
  2 hornets
  5 polar bears
  4 wind drakes
  A raiju (shapeshifter) (D:14)
  9 dream sheep
  8 snapping turtles
  19 blink frogs
  19 slime creatures
  2 wraiths (D:13)
  2 shadows
  5 wyverns
  An air elemental (Orc:2)
  A fire elemental (Elf:1)
  77 yaks
  6 basilisks
  2 spriggans (Lair:5)
  13 water elementals
  6 vampire mosquitoes
  A warg (shapeshifter) (D:8)
  A warg (Orc:1)
  3 acid dragons
  23 nagas
  An acid dragon (shapeshifter) (D:8)
  19 water moccasins
  3 ice beasts
  A sky beast (D:7)
  3 black bears
  23 orc warriors
  A boggart (Lair:5)
  32 ogres
  4 centaurs
  19 wolves
  3 kobold brigands
  12 bullfrogs
  3 scorpions
  2 gnoll sergeants (D:7)
  An earth elemental (Elf:1)
  4 wights (D:5)
  19 killer bees
  7 howler monkeys
  A crimson imp (D:6)
  A hound (D:5)
  2 jellies
  A gnoll bouda (D:8)
  13 orc priests
  4 sleepcaps
  6 iguanas
  19 orc wizards
  Ijyb (D:3)
  A hell rat (Elf:1)
  Terence (D:3)
  18 gnolls
  12 adders
  3 river rats (Sewer)
  A shadow imp (D:5)
  4 white imps
  2 ufetubi
  6 worms
  3 dart slugs
  69 orcs
  6 bats
  4 endoplasms
  7 giant cockroaches
  23 goblins
  10 hobgoblins
  3 quokkas
  13 ball pythons
  12 frilled lizards
  16 kobolds
  10 rats
1095 creatures vanquished.

Vanquished Creatures (others)
  A merfolk aquamancer (Shoals:3)
  A sea snake (Shoals:4)
  A deep elf archer (Elf:1)
3 creatures vanquished.

Grand Total: 1098 creatures vanquished

Notes
Turn   | Place    | Note
-------+----------+-------------------------------------------
     0 | D:1      | DavidChitty2 the Minotaur Fighter began the quest for the
                  | Orb.
     0 | D:1      | Reached XP level 1. HP: 19/19 MP: 0/0
   205 | D:1      | Reached XP level 2. HP: 27/27 MP: 1/1
   337 | D:1      | Found Fuoshat's Weapon Boutique.
   397 | D:1      | Found a faded altar of an unknown god.
   770 | D:2      | Reached skill level 4 in Fighting
   770 | D:2      | Reached XP level 3. HP: 15/33 MP: 2/2
  1374 | D:2      | Reached XP level 4. HP: 40/40 MP: 3/3
  1470 | D:3      | Found a shadowy altar of Dithmenos.
  1501 | D:3      | Found a hide-covered altar of Uskayaw.
  1554 | D:3      | Noticed Terence
  1563 | D:3      | Killed Terence
  1616 | D:3      | Noticed Ijyb
  1624 | D:3      | Killed Ijyb
  1641 | D:3      | Found a glowing drain.
  1648 | D:3      | Reached XP level 5. HP: 24/47 MP: 4/4
  1661 | Sewer    | Entered a sewer
  2689 | D:4      | Reached skill level 5 in Axes
  2735 | D:4      | Reached skill level 5 in Armour
  2735 | D:4      | Reached XP level 6. HP: 55/55 MP: 5/5
  2776 | D:4      | Reached skill level 5 in Shields
  2794 | D:4      | Identified a scroll of acquirement
  2794 | D:4      | Acquired the +1 pair of gloves of the Lily {Will+ Regen+}
  2866 | D:4      | Reached skill level 5 in Fighting
  3022 | D:4      | Found a sacrificial altar of Ru.
  3168 | D:5      | Entered Level 5 of the Dungeon
  3218 | D:5      | Reached XP level 7. HP: 7/61 MP: 6/6
  3800 | D:5      | Reached skill level 6 in Fighting
  3920 | D:5      | Found a snail-covered altar of Cheibriados.
  3923 | D:5      | Found a bloodstained altar of Trog.
  3925 | D:5      | Found a broken altar of Ashenzari.
  3925 | D:5      | Found a shimmering altar of Xom.
  4271 | D:6      | Reached XP level 8. HP: 30/70 MP: 7/7
  5071 | D:7      | Found a staircase to the Ecumenical Temple.
  5117 | D:7      | Found an ornate altar of the Wu Jian Council.
  5177 | Temple   | Entered the Ecumenical Temple
  5395 | D:7      | Found a radiant altar of Vehumet.
  5419 | D:7      | Noticed a hornet
  5424 | D:7      | Paralysed by a hornet for 3 turns
  5427 | D:7      | Killed a hornet
  5502 | D:7      | Reached skill level 7 in Fighting
  5504 | D:7      | Found an iron altar of Okawaru.
  5514 | D:7      | Became a worshipper of Warmaster Okawaru
  5752 | D:7      | Reached skill level 1 in Invocations
  5761 | D:7      | Reached XP level 9. HP: 54/79 MP: 8/8
  6120 | D:8      | Reached * piety under Okawaru
  6155 | D:8      | Noticed a two-headed ogre
  6163 | D:8      | Killed a two-headed ogre
  6163 | D:8      | Reached ** piety under Okawaru
  6164 | D:8      | Reached skill level 10 in Axes
  6226 | D:8      | Found Anajiar's General Store.
  6269 | D:8      | Reached skill level 8 in Fighting
  6333 | D:8      | Found Otic's Magic Scroll Shoppe.
  6344 | D:8      | Found a glowing golden altar of the Shining One.
  6500 | D:8      | Noticed a centaur warrior
  6507 | D:8      | Killed a centaur warrior
  6507 | D:8      | Reached *** piety under Okawaru
  6508 | D:8      | Reached XP level 10. HP: 86/90 MP: 11/11
  6510 | D:8      | Noticed a gargoyle
  6520 | D:8      | Killed a gargoyle
  6520 | D:8      | Reached **** piety under Okawaru
  6525 | D:8      | Noticed a cyclops
  6533 | D:8      | Killed a cyclops
  6538 | D:8      | Noticed a cyan ugly thing
  6547 | D:8      | Killed a cyan ugly thing
  6550 | D:8      | Reached skill level 9 in Fighting
  6558 | D:8      | Identified the +9 falchion of Renen {flame, rPois rC+ Will-
                  | Dex+2}
  6627 | D:8      | Identified the +9 glaive of a wizard's laboratory {heavy,
                  | rPois rN+ Str+3}
  6654 | D:8      | You fall into a shaft and drop 2 floors!
  6654 | D:10     | Entered Level 10 of the Dungeon
  6654 | D:10     | Found a transporter.
  6654 | D:10     | Found a transporter.
  6767 | D:9      | Found a flagged portal.
  6779 | Bailey   | Entered a bailey
  6888 | Bailey   | Reached ***** piety under Okawaru
  6980 | Bailey   | Noticed an orc warlord
  7005 | Bailey   | Killed an orc warlord
  7006 | Bailey   | Reached skill level 5 in Invocations
  7006 | Bailey   | Reached XP level 11. HP: 95/97 MP: 6/13
  7186 | D:9      | Acquired a +0 tower shield of fire resistance
  7252 | D:9      | Found a staircase to the Lair.
  7783 | D:9      | Noticed a two-headed ogre
  7791 | D:9      | Killed a two-headed ogre
  7791 | D:9      | Identified the +7 longbow "Pumaot" {freeze, rF+} (Okawaru
                  | gifted it to you on level 9 of the Dungeon)
  7791 | D:9      | Received a gift from Okawaru
  7944 | D:9      | Reached skill level 10 in Armour
  7948 | D:9      | Reached skill level 10 in Fighting
  8445 | D:10     | Found a stormy altar of Qazlal.
  8684 | D:10     | Noticed a cyan ugly thing
  8689 | D:10     | Killed a cyan ugly thing
  8690 | D:10     | Reached skill level 10 in Shields
  8759 | D:10     | Found a transporter.
  8834 | D:10     | Found a transporter.
  8846 | D:10     | Found a glowing silver altar of Zin.
  8858 | D:10     | Found a basalt altar of Yredelemnul.
  9190 | D:11     | Noticed a tengu warrior
  9190 | D:11     | Noticed a tengu warrior
  9203 | D:11     | Killed a tengu warrior
  9211 | D:11     | Killed a tengu warrior
  9368 | D:11     | Noticed a boulder beetle
  9378 | D:11     | Killed a boulder beetle
  9379 | D:11     | Found Noug's Hydra Hut.
  9392 | D:11     | Noticed a five-headed hydra
  9432 | D:11     | Found a staircase to the Orcish Mines.
  9446 | D:11     | Received a gift from Okawaru
  9458 | D:11     | Reached XP level 12. HP: 53/108 MP: 15/15
  9676 | Lair:1   | Entered Level 1 of the Lair of Beasts
  9755 | Lair:1   | Found a dark tunnel.
  9766 | Lair:1   | Reached skill level 11 in Fighting
  9779 | Lair:1   | Reached ****** piety under Okawaru
  9791 | Volcano  | Entered a volcano
  9838 | Volcano  | Noticed an ogre mage
  9843 | Volcano  | Found a radiant altar of Vehumet.
  9846 | Arena    | Entered the Arena
  9852 | Arena    | Killed an ogre mage
  9865 | Volcano  | Noticed a two-headed ogre
  9871 | Volcano  | Noticed a two-headed ogre
  9873 | Volcano  | Killed a two-headed ogre
  9876 | Volcano  | Killed a two-headed ogre
  9877 | Volcano  | Noticed a two-headed ogre
  9881 | Volcano  | Killed a two-headed ogre
  9882 | Volcano  | Reached skill level 15 in Axes
  9896 | Volcano  | Received a gift from Okawaru
  9924 | Volcano  | Noticed a two-headed ogre
  9924 | Volcano  | Noticed a two-headed ogre
  9926 | Volcano  | Killed a two-headed ogre
  9929 | Volcano  | Killed a two-headed ogre
  9930 | Volcano  | Noticed a two-headed ogre
  9938 | Volcano  | Killed a two-headed ogre
  9938 | Volcano  | Identified the scarf of Inaction {+Inv, Harm} (Okawaru
                  | gifted it to you in a volcano)
  9938 | Volcano  | Received a gift from Okawaru
 10681 | Lair:2   | Reached XP level 13. HP: 117/117 MP: 17/17
 10755 | Lair:2   | Reached skill level 12 in Fighting
 11332 | Lair:3   | Found a staircase to the Snake Pit.
 11398 | Lair:3   | Identified the +1 scale mail "Qaggox" {Harm Int+2} (Okawaru
                  | gifted it to you on level 3 of the Lair of Beasts)
 11398 | Lair:3   | Received a gift from Okawaru
 11415 | Lair:3   | Found a staircase to the Shoals.
 12346 | Lair:4   | Reached XP level 14. HP: 125/127 MP: 19/19
 12351 | Lair:4   | Reached skill level 13 in Fighting
 13104 | Lair:5   | Entered Level 5 of the Lair of Beasts
 13131 | Lair:5   | Received a gift from Okawaru
 13473 | Lair:5   | Found a staircase to the Slime Pits.
 13573 | Lair:5   | Received a gift from Okawaru
 13578 | Lair:5   | Identified the +4 pair of boots of the Maze {Regen+}
 13868 | Lair:5   | Received a gift from Okawaru
 13870 | Lair:5   | Reached skill level 10 in Invocations
 13959 | Lair:5   | Reached skill level 14 in Fighting
 14191 | Lair:5   | Found a runed translucent door.
 14191 | Lair:5   | Noticed Koushar's ghost (journeyman FeTm)
 14194 | Lair:5   | Identified the +3 spear of the Silent Majority {pain, rF+
                  | rN+ Str+2}
 14330 | Lair:5   | Received a gift from Okawaru
 14330 | Lair:5   | Found the +3 pair of gauntlets of War {Slay+5}
 14337 | Lair:5   | Killed Koushar's ghost
 14595 | D:12     | Noticed Snorg
 14615 | D:12     | Killed Snorg
 14729 | D:12     | Noticed Jorgrun
 14737 | D:12     | Killed Jorgrun
 14790 | D:12     | Reached XP level 15. HP: 131/139 MP: 19/21
 14933 | D:12     | Noticed Fannar
 14939 | D:12     | Killed Fannar
 15068 | D:12     | Noticed Lodul
 15075 | D:12     | Killed Lodul
 15311 | D:13     | Received a gift from Okawaru
 15526 | D:13     | Found a gate to the Vaults.
 15537 | D:13     | Reached skill level 15 in Armour
 15541 | D:13     | Reached skill level 15 in Fighting
 16025 | D:14     | Reached skill level 15 in Shields
 16234 | D:14     | Received a gift from Okawaru
 16911 | D:15     | Entered Level 15 of the Dungeon
 16912 | D:15     | Found a glowing golden altar of the Shining One.
 16966 | D:15     | Found Sotwaosm's Tiny Tomes.
 17311 | D:15     | Found a staircase to the Depths.
 17423 | Orc:1    | Entered Level 1 of the Orcish Mines
 17833 | Orc:2    | Entered Level 2 of the Orcish Mines
 17833 | Orc:2    | Found a staircase to the Elven Halls.
 17860 | Orc:2    | Reached skill level 16 in Fighting
 17980 | Orc:2    | Reached XP level 16. HP: 131/151 MP: 12/24
 17981 | Orc:2    | Identified the +0 hat "Xarruigg" {rPois rF+ Will- Dex+6}
                  | (Okawaru gifted it to you on level 2 of the Orcish Mines)
 17981 | Orc:2    | Received a gift from Okawaru
 18004 | Orc:2    | Found Irausk's Distillery.
 18004 | Orc:2    | Found Puatwaf's Armour Boutique.
 18005 | Orc:2    | Found Wilo Rar's Weapon Boutique.
 18005 | Orc:2    | Found Moupoteg's Assorted Antiques.
 18326 | Orc:2    | Bought the +2 hood of the Assassin {Detect Stab+ Stlth++}
                  | for 780 gold pieces
 18326 | Orc:2    | Found the +2 hood of the Assassin {Detect Stab+ Stlth++}
 18372 | Elf:1    | Entered Level 1 of the Elven Halls
 18375 | Elf:1    | Paralysed by an air elemental for 1 turns
 18387 | Elf:1    | Paralysed by an air elemental for 1 turns
 18391 | Orc:2    | Paralysed by an air elemental for 1 turns
 18394 | Orc:2    | Reached skill level 17 in Fighting
 18771 | Elf:1    | Identified the +8 scimitar "Dragonslayer" {drain, Drain
                  | Str+5 Int+5} (Okawaru gifted it to you on level 1 of the
                  | Elven Halls)
 18771 | Elf:1    | Received a gift from Okawaru
 18978 | Elf:1    | Noticed a sphinx
 18996 | Elf:1    | Reached skill level 18 in Fighting
 18999 | Elf:1    | Killed a sphinx
 19030 | Elf:1    | Identified the +2 executioner's axe of the Eternal Warrior
                  | {freeze, rElec rF++ Dex-4 Stlth+} (Okawaru gifted it to you
                  | on level 1 of the Elven Halls)
 19030 | Elf:1    | Received a gift from Okawaru
 19390 | Elf:1    | Reached XP level 17. HP: 133/166 MP: 17/25
 19394 | Elf:1    | Identified the staff "Imaq" {rElec rF+ Fire}
 20074 | Snake:1  | Entered Level 1 of the Snake Pit
 20255 | Snake:1  | Reached skill level 19 in Fighting
 20259 | Snake:1  | Received a gift from Okawaru
 20327 | Snake:1  | Found Reicyhum's Assorted Antiques.
 20327 | Snake:1  | Found Zuvideew's Jewellery Emporium.
 20331 | Snake:1  | Found Borhes's Weapon Shoppe.
 20958 | Snake:2  | Noticed Aizul
 20974 | Snake:2  | Killed Aizul
 20974 | Snake:2  | Received a gift from Okawaru
 20984 | Snake:2  | Identified the +3 leather armour of Prudence {rElec rN+
                  | Dex+2}
 21188 | Snake:2  | Noticed Vashnia
 21224 | Snake:2  | Killed Vashnia
 21225 | Snake:2  | Reached skill level 20 in Fighting
 21342 | Snake:2  | Found Cude's Magic Scroll Boutique.
 21731 | Snake:3  | Found Tuymezire's Antique Armour Shop.
 22094 | Snake:3  | Identified the +5 crystal plate armour "Hiekliaf" {rElec
                  | rF+} (Okawaru gifted it to you on level 3 of the Snake Pit)
 22094 | Snake:3  | Received a gift from Okawaru
 22769 | Snake:4  | Entered Level 4 of the Snake Pit
 22932 | Snake:4  | Identified the +8 whip "Julu" {heavy, rF++ Str+3 Dex-4
                  | SInv}
 23167 | Snake:4  | Reached XP level 18. HP: 103/180 MP: 13/26
 23279 | Snake:4  | Reached skill level 21 in Fighting
 23428 | Snake:4  | Got a serpentine rune of Zot
 23733 | Snake:4  | Received a gift from Okawaru
 23812 | Snake:4  | Identified the +9 hand axe "Uwkiosan" {venom, rC- Dex+7}
 24069 | Shoals:1 | Entered Level 1 of the Shoals
 25100 | Shoals:2 | Reached skill level 22 in Fighting
 25282 | Shoals:3 | Identified the +0 cloak "Otwo" {Str+2} (Okawaru gifted it
                  | to you on level 3 of the Shoals)
 25282 | Shoals:3 | Received a gift from Okawaru
 25604 | Shoals:3 | Noticed Donald
 25622 | Shoals:3 | Killed Donald
 25944 | Shoals:4 | Entered Level 4 of the Shoals
 26014 | Shoals:4 | Identified the +1 leather armour of Objectivity {rC+ Str+4}
 26023 | Shoals:4 | Noticed Ilsuiw
 26043 | Shoals:4 | HP: 9/185 [drowned by a water nymph (10)]
 26043 | Shoals:4 | HP: 1/185 [snapping turtle (7)]
 26044 | Shoals:4 | Slain by a merfolk impaler

Illustrated notes

Levels and vault maps discovered:
D:1:      erik_arrival_cave_to_civilisation [erik_arrival_cave_to_hall],
          layout_basic, ebering_ecumenical_altar_webs, serial_shops,
          nicolae_diamond_shop, minmay_misc_feat_tiny
D:2:      layout_basic
D:3:      layout_loops_ring, lemuel_tele_altar, mainiacjoe_overflow_brackets,
          cheibrodos_sewer_entry_drain, uniq_terence, uniq_ijyb
D:4:      layout_cave_pools, nicolae_ru_great_annihilating_truth
D:5:      layout_layer_cave, grunt_temple_overflow_open
D:6:      layout_basic, kennysheep_minor_cross, minmay_fire_ice_demons
D:7:      layout_basic, nzn_wu_jian_contemplation, vehumet_crystals,
          okawaru_metal_pillars_1_2, minmay_temple_entry_ruins
D:8:      minmay_the_grid_four_pointed_star [minmay_the_grid_triangle_9x9_steps,
          minmay_the_grid_triangle_9x9_windchime,
          minmay_the_grid_triangle_9x9_zippers_horizontal,
          minmay_the_grid_triangle_9x9_cache,
          minmay_the_grid_prize_four_corners_diamond_b], layout_loops_ring,
          mainiacjoe_overflow_boulevard, serial_shops, shop, shop
D:9:      layout_loops_ring, david_lair_generic, enter_bailey_7, nicolae_sextant
D:10:     layout_long_grid, nicolae_qazlal_style_of_elements,
          mainiacjoe_overflow_large_starburst, nicolae_transporter_intersection
D:11:     layout_rooms, david_orc_3, doesnt_shop_hydraphobe
D:12:     layout_roguey, minmay_between, uniq_jorgrun, uniq_fannar, uniq_snorg,
          uniq_lodul
D:13:     layout_cave_pools, skrybe_vaults_entry_preservation,
          minmay_fractal_squares_diagonal_5
D:14:     layout_gridville, minivault_27
D:15:     gammafunk_enter_depths_forms, layout_rooms, lemuel_crystal_altar,
          nicolae_shop_i_like_small_books_too
Temple:   nicolae_temple_bog_church
Lair:1:   layout_chaotic_city, enter_volcano_1, lemuel_fruit_fields,
          lemuel_fruit_tree
Lair:2:   layout_cave_shapes, grunt_megastairs_3
Lair:3:   layout_cave_pods, nicolae_shoals_entry_roost,
          minmay_snake_entry_six_corridors, nicolae_lair_grazing_beasts
          [nicolae_sub_lair_graze_edge, nicolae_sub_lair_graze_edge,
          nicolae_sub_lair_graze_edge, nicolae_sub_lair_graze_edge]
Lair:4:   layout_small_grid
Lair:5:   evilmike_catoblepas_cave, layout_regular_city, slime_entry_1,
          ebering_ghost_funeral_grove, grunt_megastairs_4
Shoals:1: layout_shoals, nicolae_splish_splash
Shoals:2: layout_shoals
Shoals:3: layout_shoals, uniq_donald
Shoals:4: shoals_end_grunt_ice, layout_shoals, shoal_ilsuiw,
          nicolae_shoals_secluded_bog
Snake:1:  layout_onion, minmay_shop_star, serial_bayou_shore_b,
          grunt_megastairs_2
Snake:2:  layout_onion_interference, serial_shops, shop,
          nicolae_triple_integral, uniq_aizul, uniq_vashnia
Snake:3:  layout_chambers, serial_shops, shop
Snake:4:  hellmonk_snake_rune_quicksilver_temple, layout_layer_cave,
          nicolae_snake_linked_coils
Orc:1:    layout_diamond_mine, guppyfry_library_mini
Orc:2:    st_orc_ogre_mass, layout_diamond_mine, abandoned_shop, mines1_david
Elf:1:    minmay_elf_arrival_circle, layout_geoelf_diagonals, special_room
          [special_room_mythical_zoo], minivault_28,
          minmay_checkered_concentric_circles
Elf:2:    elven_hall_of_blades_hangedman_original
          [nicolae_blade_entry_hurt_lockers], layout_onion_city,
          portal_desolation_entry_garden, basic_altar, uniq_azrael, uniq_louise

Skill      XL: |  1  2  3  4  5  6  7  8  9 10 11 12 13 14 15 16 17 18 |
---------------+-------------------------------------------------------+-----
Axes           | 3 4 5 6 7 9 11 12 14 15 17 18 | 18.0
Fighting       | 4 5 6 7 8 9 10 11 12 14 16 18 20 22 | 22.5
Armour         | 4 5 6 7 8 9 10 11 13 14 16 17 18 19 | 19.6
Shields        | 4 5 6 7 8 9 10 11 12 14 15 16 17 18 | 18.9
Invocations    | 1 3 5 6 7 8 10 12 | 12.0

Action                     |  1- 3 |  4- 6 |  7- 9 | 10-12 | 13-15 | 16-18 || total
---------------------------+-------+-------+-------+-------+-------+-------++-------
  Melee: War axe           |    84 |   145 |   233 |   158 |       |       ||   620
         Headbutt          |    12 |    20 |    38 |    97 |   196 |   277 ||   640
         Broad axe         |       |       |       |   296 |   830 |  1108 ||  2234
         Falchion          |       |       |       |       |    16 |       ||    16
         Unarmed           |       |       |       |       |       |     3 ||     3
 Invoke: Heroism           |       |       |       |     8 |     4 |     6 ||    18
         Finesse           |       |       |       |     4 |     4 |     5 ||    13
         Duel              |       |       |       |     1 |       |       ||     1
    Use: Scroll            |       |    14 |     8 |    10 |     2 |     4 ||    38
         Potion            |       |     3 |       |     1 |     1 |     9 ||    14
   Stab: Paralysed         |       |     1 |       |       |       |       ||     1
         Petrified         |       |       |       |       |     2 |       ||     2
         Petrifying        |       |       |       |       |     1 |       ||     1
 Armour: Scale mail        |    37 |    35 |       |       |       |       ||    72
         Chain mail        |       |    20 |   110 |    36 |       |       ||   166
         Plate armour      |       |       |       |   123 |   404 |   212 ||   739
         Crystal plate arm |       |       |       |       |       |   354 ||   354
  Dodge: Dodged            |    40 |    70 |    69 |   107 |   173 |   185 ||   644
  Block: Buckler           |    19 |    34 |    52 |    40 |       |       ||   145
         Tower shield      |       |       |       |   253 |   660 |   996 ||  1909

Table legend: (Time is in decaauts)
 A = Elapsed time spent in this place.
 B = Non-inter-level travel time spent in this place.
 C = Inter-level travel time spent in this place.
 D = Time resting spent in this place.
 E = Time spent auto-exploring this place.
 F = Levels seen in this place.
 G = Mean time per level.
                   A        B        C        D        E       F      G
               +--------+--------+--------+--------+--------+-----+--------+
         Total |  25875 |  24365 |   1510 |    553 |  17808 |  37 |  699.3 |
       Dungeon |  11491 |  10834 |    657 |    154 |   8249 |  15 |  766.1 |
        Temple |    197 |    193 |      4 |      0 |    183 |   1 |  197.0 |
          Lair |   4791 |   4345 |    446 |      0 |   3293 |   5 |  958.2 |
        Shoals |   2024 |   1953 |     71 |      0 |   1327 |   4 |  506.0 |
     Snake Pit |   3703 |   3581 |    122 |      0 |   2792 |   4 |  925.8 |
  Orcish Mines |   1100 |   1014 |     86 |    135 |    634 |   2 |  550.0 |
   Elven Halls |   1363 |   1241 |    122 |    190 |    680 |   2 |  681.5 |
         Sewer |    576 |    576 |      0 |     74 |    324 |   1 |  576.0 |
        Bailey |    386 |    386 |      0 |      0 |    231 |   1 |  386.0 |
       Volcano |    226 |    226 |      0 |      0 |     92 |   1 |  226.0 |
         Arena |     13 |     13 |      0 |      0 |      0 |   1 |   13.0 |
               +--------+--------+--------+--------+--------+-----+--------+

Top non-repeatable levels by time:
  Lair:5: 1410 daAuts
   Elf:1: 1358 daAuts
     D:9: 1141 daAuts
  Lair:3: 1072 daAuts
     D:5: 1070 daAuts
 Snake:3: 1053 daAuts
 Snake:4: 1026 daAuts
    D:14: 961 daAuts
 Snake:2: 947 daAuts
  Lair:4: 886 daAuts
     D:8: 870 daAuts
     D:7: 850 daAuts
     D:6: 796 daAuts
    D:10: 773 daAuts
  Lair:1: 756 daAuts
